[Event "Titled Tuesday Blitz November 07 Late 2023"]
[White "Tarnowska, Aleksandra"]
[Black "Jarocka, Liwia"]
[WhiteFideId "1180967"]
[BlackFideId "21807558"]
[WhiteElo "2155"]
[BlackElo "2344"]
[Result "0-1"]
[Round "3"]
[TimeControl "180+1"]
[Date "2023.11.07"]
[WhiteClock "0:00:00"]
[BlackClock "0:01:22"]
[Board "158"]

1. e4 c5 2. Nf3 Nc6 3. Bb5 Nf6 4. d3 Qc7 5. c3 g6 6. O-O Bg7 7. Re1 O-O 8. Nbd2 d6 9. h3 Nd7 10. Nf1 a6 11. Ba4 b5 12. Bc2 Nde5 13. Ne3 e6 14. Nh2 b4 15. f4 Nd7 16. f5 bxc3 17. bxc3 Bxc3 18. Bd2 Bg7 19. Rb1 Nd4 20. Ba4 Ne5 21. Nhg4 exf5 22. exf5 Nxf5 23. Nd5 Qd8 24. Bc6 Ra7 25. Nxe5 dxe5 26. Nc3 Qxd3 27. Be4 Qd4+ 28. Kh2 Rd7 29. Re2 Nd6 30. Qe1 Nxe4 31. Nxe4 Kh8 32. Bc3 Qd5 33. Rd2 Qc6 34. Rbd1 Rxd2 35. Rxd2 f5 36. Ng5 Qc7 37. Nf3 e4+ 38. Kg1 Bxc3 0-1


[Site "https://www.chess.com"]

[Event "Titled Tuesday Blitz November 07 Late 2023"]
[White "VitaliyChayka"]
[Black "Ward, Ieuan C"]
[BlackFideId "406627"]
[WhiteElo "2131"]
[BlackElo "2341"]
[Result "0-1"]
[Round "3"]
[TimeControl "180+1"]
[Date "2023.11.07"]
[WhiteClock "0:00:14"]
[BlackClock "0:00:58"]
[Board "159"]

1. d4 Nf6 2. Bf4 d5 3. e3 e6 4. Nd2 Bd6 5. Bg3 c5 6. c3 Nc6 7. Ngf3 O-O 8. Bd3 Re8 9. Ne5 Qc7 10. f4 a6 11. O-O b5 12. Bh4 Be7 13. Qf3 g6 14. Bg5 Nd7 15. Bxe7 Rxe7 16. Qh3 f6 17. Ng4 cxd4 18. exd4 f5 19. Nh6+ Kg7 20. g4 Nf6 21. gxf5 exf5 22. Rae1 Rxe1 23. Rxe1 Qxf4 24. Nf3 Qxh6 25. Qxh6+ Kxh6 26. Ne5 Nxe5 27. dxe5 Ne4 0-1


[Site "https://www.chess.com"]

[Event "Titled Tuesday Blitz November 07 Late 2023"]
[White "Jelcic, Marko"]
[Black "Onslow, Alfie"]
[WhiteFideId "14406489"]
[BlackFideId "436976"]
[WhiteElo "2129"]
[BlackElo "2340"]
[Result "0-1"]
[Round "3"]
[TimeControl "180+1"]
[Date "2023.11.07"]
[WhiteClock "0:00:00"]
[BlackClock "0:00:11"]
[Board "160"]

1. d4 Nf6 2. c4 c5 3. e3 cxd4 4. exd4 d5 5. Nc3 g6 6. Qb3 Bg7 7. cxd5 O-O 8. Bc4 Nbd7 9. Nge2 Nb6 10. Nf4 Qc7 11. Bd3 Rd8 12. O-O g5 13. Nfe2 h6 14. Be3 Nfxd5 15. Nxd5 Nxd5 16. Rac1 Qb6 17. Qxb6 axb6 18. a3 e5 19. Be4 Nf4 20. Bxf4 exf4 21. Rfd1 Ra5 22. Rc7 Rc5 23. Rc1 Rxc1+ 24. Rxc1 Be6 25. Bxb7 Bxd4 26. Nxd4 Rxd4 27. h3 Rd2 28. b4 Ra2 29. Rc3 Kg7 30. Bf3 Kg6 31. Be4+ f5 32. Bf3 g4 33. Bb7 Kg5 34. Rc6 g3 35. fxg3 fxg3 36. Kf1 Bd5 37. Rc7 Rf2+ 38. Ke1 Bxb7 39. Rxb7 Rxg2 40. Rxb6 Rh2 41. Rb8 Rxh3 42. a4 Rh2 43. Rg8+ Kf4 44. a5 Ra2 45. Kf1 h5 46. Rg6 Kf3 47. Ke1 g2 48. a6 Ra1+ 49. Kd2 g1=Q 50. Rxg1 Rxg1 51. b5 Rb1 52. a7 Rb2+ 53. Kc3 Rxb5 54. a8=Q+ Kg3 55. Qg8+ Kf4 56. Qh8 Rc5+ 57. Kd4 Rc6 58. Qxh5 Re6 59. Qh4+ Kf3 60. Qh3+ Kf4 61. Qf1+ Kg5 62. Qg2+ Kf6 63. Qf2 Re4+ 64. Kd5 Kg5 65. Qg3+ Kf6 66. Qf3 Kg5 67. Qf2 Kg6 0-1


[Site "https://www.chess.com"]

[Event "Titled Tuesday Blitz November 07 Late 2023"]
[White "Souza dos Santos,Matheus Garcett"]
[Black "Spichkin, Alexander"]
[WhiteFideId "2144492"]
[BlackFideId "4144074"]
[WhiteElo "2099"]
[BlackElo "2338"]
[Result "1-0"]
[Round "3"]
[TimeControl "180+1"]
[Date "2023.11.07"]
[WhiteClock "0:00:43"]
[BlackClock "0:01:52"]
[Board "161"]

1. e4 e5 2. Nf3 d5 3. Nxe5 Bd6 4. d4 dxe4 5. Nc4 Be5 6. dxe5 Qxd1+ 7. Kxd1 Nc6 8. Bf4 Bg4+ 9. Be2 O-O-O+ 10. Nbd2 Be6 11. c3 Nge7 12. Kc2 Nd5 13. Bg3 h5 14. h3 Nce7 15. Nxe4 Nf5 16. Rad1 Nxg3 17. Nxg3 Nf4 18. Bf3 Bxc4 19. Rxd8+ Kxd8 20. Rd1+ Ke8 21. Nf5 g6 22. Ne3 Ba6 23. Nd5 Ne6 24. Nf6+ Kf8 25. Rd7 Kg7 26. Bd5 Ng5 27. f4 c6 28. Bb3 Ne4 29. Rxf7+ Kh6 30. Nxe4 Rd8 31. Ng5 Rh8 32. e6 Bf1 33. e7 Bxg2 34. Rf8 1-0


[Site "https://www.chess.com"]

[Event "Titled Tuesday Blitz November 07 Late 2023"]
[White "KorolDimitriy75"]
[Black "Yushko, Olga"]
[BlackFideId "14114500"]
[WhiteElo "2334"]
[BlackElo "2104"]
[Result "1-0"]
[Round "3"]
[TimeControl "180+1"]
[Date "2023.11.07"]
[WhiteClock "0:00:04"]
[BlackClock "0:00:00"]
[Board "162"]

1. d4 e6 2. c4 f5 3. Nf3 Nf6 4. g3 Be7 5. Bg2 d6 6. b3 O-O 7. Bb2 Qe8 8. O-O Qg6 9. Nbd2 Nc6 10. Re1 Ne4 11. a3 Bd7 12. d5 Nd8 13. dxe6 Nxe6 14. Qc2 Rae8 15. e3 Bc6 16. Rad1 h5 17. b4 b6 18. Nb3 h4 19. Nbd4 Nxd4 20. Nxd4 Bb7 21. Nb5 hxg3 22. hxg3 Bd8 23. Nc3 Nxc3 24. Qxc3 Bxg2 25. Kxg2 Bf6 26. Qc2 Re4 27. Bxf6 Qxf6 28. c5 Qe6 29. cxd6 cxd6 30. Qd3 Rd8 31. Qd5 Kf7 32. Qxe6+ Kxe6 33. Rc1 Rd7 34. Rc6 Re5 35. Rec1 Rd5 36. R1c3 Rd2 37. Rc8 Ra2 38. Kf3 g5 39. Rg8 Kf7 40. Rxg5 Kf6 41. Rh5 Kg6 42. Rh4 d5 43. Rd4 Kf6 44. Kg2 Ke5 45. Rcd3 Rd6 46. Kf3 a5 47. Rc3 axb4 48. axb4 Rb2 49. Rcd3 Ke6 50. g4 fxg4+ 51. Rxg4 Kd7 52. Rf4 Kc6 53. Kg3 Rg6+ 54. Kf3 Kb5 55. Rxd5+ Ka4 56. Rdd4 Re6 57. Rde4 Rh6 58. Rg4 Rh2 59. Kf4 Rhxf2+ 60. Ke5 Rbc2 61. Rgf4 Rg2 62. Rf5 Rh2 63. Rf6 Rb2 64. Rxb6 Rh5+ 65. Kf4 Rh4+ 66. Kf3 Rxe4 67. Kxe4 Re2 68. Kd3 Re1 69. Rb8 Rd1+ 70. Ke4 Re1 71. Kf4 Rf1+ 72. Ke5 Kb3 73. e4 Kc4 74. b5 Kc5 75. b6 Kc6 76. Ke6 Rb1 77. e5 Rb5 78. Kf6 Rb1 79. e6 Rf1+ 80. Ke7 Re1 81. Rd8 Kxb6 82. Rd2 Kc6 83. Kf7 Rf1+ 84. Ke8 Re1 85. e7 Kc7 86. Rc2+ Kd6 87. Rd2+ Kc7 88. Rd4 Re2 89. Kf7 Rf2+ 90. Ke6 Re2+ 91. Kf6 Rf2+ 92. Kg7 Rg2+ 93. Kf8 Rf2+ 94. Ke8 Re2 95. Rd5 Kc6 96. Rf5 Kd6 97. Rf6+ Kc7 98. Kf8 Kd7 99. Rf7 1-0


[Site "https://www.chess.com"]

[Event "Titled Tuesday Blitz November 07 Late 2023"]
[White "Ardila, Oscar Humberto"]
[Black "Powell, Paul"]
[WhiteFideId "4404742"]
[BlackFideId "2005840"]
[WhiteElo "2332"]
[BlackElo "2072"]
[Result "0-1"]
[Round "3"]
[TimeControl "180+1"]
[Date "2023.11.07"]
[WhiteClock "0:01:02"]
[BlackClock "0:01:15"]
[Board "163"]

1. d4 Nf6 2. c4 e5 3. dxe5 Ne4 4. Nf3 Bb4+ 5. Nbd2 Nc6 6. e3 O-O 7. Bd3 Nxd2 8. Bxd2 Bxd2+ 9. Qxd2 Qe7 10. Qc3 Re8 11. O-O Nxe5 12. Nxe5 Qxe5 13. Qxe5 Rxe5 14. Rfd1 d6 15. Be2 a5 16. Bf3 Rb8 17. Rd5 Be6 18. Rd4 Kf8 19. Rad1 g6 20. b3 f5 21. Bd5 Kf7 22. Bxe6+ Kxe6 23. Rd5 b6 24. Rxe5+ Kxe5 25. Rd5+ Ke6 26. f3 Ra8 27. Kf2 a4 28. b4 a3 29. Rd3 Ra4 30. Rb3 d5 31. c5 Kd7 32. Rc3 Kc6 33. cxb6+ Kxb6 34. Kg3 c6 35. f4 Kb5 36. Kh4 Kxb4 37. Rb3+ Kc5 38. Kg5 Kd6 39. Kh6 c5 40. Kxh7 c4 41. Rb6+ Kc5 42. Rxg6 d4 43. exd4+ Kxd4 44. Rd6+ Kc5 45. Rd7 c3 46. Rc7+ Kd4 47. Rd7+ Kc4 48. Rc7+ Kd3 49. Rd7+ Rd4 50. Rc7 Rc4 51. Rd7+ Ke4 52. Re7+ Kxf4 53. Re1 c2 54. Rc1 Kg4 55. Kg6 f4 56. h3+ Kg3 57. Kg5 Kxg2 58. h4 f3 59. h5 f2 60. h6 f1=Q 61. h7 Qf4+ 62. Kg6 0-1


[Site "https://www.chess.com"]

[Event "Titled Tuesday Blitz November 07 Late 2023"]
[White "Bongo Akanga Ndjila, Barthelemy"]
[Black "Davidson, Kevin"]
[WhiteFideId "10609431"]
[BlackFideId "2056810"]
[WhiteElo "2006"]
[BlackElo "2331"]
[Result "1-0"]
[Round "3"]
[TimeControl "180+1"]
[Date "2023.11.07"]
[WhiteClock "0:01:24"]
[BlackClock "0:00:01"]
[Board "164"]

1. d4 Nf6 2. c4 g6 3. Nc3 Bg7 4. e4 d6 5. Be2 O-O 6. Nf3 e5 7. O-O Nc6 8. d5 Ne7 9. b4 a5 10. Ba3 axb4 11. Bxb4 Nd7 12. a4 Bh6 13. a5 f5 14. Qc2 Nf6 15. c5 Nxe4 16. cxd6 cxd6 17. Nxe4 fxe4 18. Qxe4 Rf4 19. Qb1 Nxd5 20. Bd2 Bg4 21. Bxf4 Nxf4 22. Bd1 Bg7 23. Qxb7 Rb8 24. Qc6 Rc8 25. Qa4 d5 26. a6 Rc4 27. Qa2 e4 28. Bb3 exf3 29. Bxc4 dxc4 30. Qxc4+ Kh8 31. Qxf4 fxg2 32. Rfd1 Bxd1 33. a7 Bxa1 34. Qb8 Bf6 35. Qxd8+ Bxd8 36. a8=Q 1-0


[Site "https://www.chess.com"]

[Event "Titled Tuesday Blitz November 07 Late 2023"]
[White "Garcia Herrera, Enrique Ric"]
[Black "Bueno, Alfeu Junior Varela"]
[WhiteFideId "5115124"]
[BlackFideId "2108879"]
[WhiteElo "1997"]
[BlackElo "2330"]
[Result "1/2-1/2"]
[Round "3"]
[TimeControl "180+1"]
[Date "2023.11.07"]
[WhiteClock "0:00:19"]
[BlackClock "0:01:24"]
[Board "165"]

1. d4 e6 2. c4 f5 3. Nc3 b6 4. Nf3 Bb4 5. Bg5 Bxc3+ 6. bxc3 Nf6 7. e3 Bb7 8. Bd3 O-O 9. h3 d6 10. a4 a5 11. Rb1 Nbd7 12. O-O Qe8 13. c5 dxc5 14. Bb5 Ne4 15. dxc5 c6 16. Bc4 Nxc3 17. Qb3 Nxb1 18. Bxe6+ Kh8 19. Bxd7 Qxd7 20. Rxb1 bxc5 21. Qxb7 Qxb7 22. Rxb7 Rfb8 23. Rc7 Rb1+ 24. Kh2 h6 25. Bf4 Ra6 26. Be5 Kg8 27. Rxg7+ Kf8 28. Rh7 c4 29. Nd4 c5 30. Nxf5 Rb3 31. Nd6 c3 32. Rf7+ Kg8 33. Rg7+ Kf8 34. Rf7+ Kg8 35. Rg7+ Kf8 36. Rf7+ 1/2-1/2


[Site "https://www.chess.com"]

[Event "Titled Tuesday Blitz November 07 Late 2023"]
[White "SlippperyWhenWet"]
[Black "Desideri, Ricardo Maruchi"]
[BlackFideId "2110440"]
[WhiteElo "2329"]
[BlackElo "1991"]
[Result "0-1"]
[Round "3"]
[TimeControl "180+1"]
[Date "2023.11.07"]
[WhiteClock "0:00:07"]
[BlackClock "0:01:13"]
[Board "166"]

1. e4 c5 2. Nc3 d6 3. Nge2 Nf6 4. d4 cxd4 5. Nxd4 a6 6. Nde2 e6 7. g3 Nc6 8. Bg2 Be7 9. O-O O-O 10. h3 Qc7 11. Be3 b5 12. a3 Bb7 13. f4 Rac8 14. Qd2 Na5 15. Bf2 Nc4 16. Qc1 Rfd8 17. b3 Nb6 18. Qd2 d5 19. e5 Ne4 20. Nxe4 dxe4 21. Qe3 Nd5 22. Qxe4 Qxc2 23. Nd4 Qc7 24. f5 Nc3 25. Qg4 Bxg2 26. f6 Bf8 27. Kxg2 Qb7+ 28. Kg1 g6 29. Rac1 Ne4 30. Rxc8 Rxc8 31. Be3 Rc3 32. Bf4 Bc5 33. Rd1 Qb6 34. Be3 Rxe3 35. Nxe6 Qxe6 36. Rd8+ Bf8 37. Qf4 Rxg3+ 38. Kf1 Qxh3+ 39. Ke2 Qh2+ 0-1


[Site "https://www.chess.com"]

[Event "Titled Tuesday Blitz November 07 Late 2023"]
[White "Mirza, Diana"]
[Black "Bokros, Albert"]
[WhiteFideId "2503999"]
[BlackFideId "710458"]
[WhiteElo "1980"]
[BlackElo "2327"]
[Result "0-1"]
[Round "3"]
[TimeControl "180+1"]
[Date "2023.11.07"]
[WhiteClock "0:00:00"]
[BlackClock "0:01:21"]
[Board "167"]

1. e4 c5 2. Nf3 Nc6 3. d4 cxd4 4. Nxd4 Nf6 5. Nc3 h5 6. Be3 Ng4 7. Qd2 Nxe3 8. Qxe3 g6 9. O-O-O Bh6 10. f4 e5 11. Nxc6 bxc6 12. Qc5 Bxf4+ 13. Kb1 Qe7 14. Qxe7+ Kxe7 15. Bc4 d6 16. Rhf1 Be6 17. Bxe6 Kxe6 18. Rd3 Rad8 19. Rdf3 h4 20. g3 hxg3 21. hxg3 Bg5 22. Rxf7 Bf4 23. Rxa7 Bxg3 24. a4 Bf4 25. Ne2 g5 26. Nxf4+ exf4 27. b4 Ra8 28. Rxa8 Rxa8 29. a5 Ke5 30. Rg1 Rg8 31. a6 Kxe4 32. c4 g4 33. b5 cxb5 34. cxb5 f3 35. a7 f2 36. Rxg4+ Ke3 37. Rxg8 f1=Q+ 38. Kb2 Qxb5+ 39. Kc3 Qa5+ 40. Kc4 Qxa7 41. Re8+ Kf4 42. Rf8+ Ke5 43. Re8+ Kf6 44. Rf8+ Ke7 45. Rf4 Qc5+ 46. Kd3 Qd5+ 47. Ke3 Qe5+ 48. Re4 Ke6 49. Rxe5+ Kxe5 50. Kd3 Kd5 0-1


[Site "https://www.chess.com"]

[Event "Titled Tuesday Blitz November 07 Late 2023"]
[White "Nita, Lucian"]
[Black "Dias, Joao Batista"]
[WhiteFideId "1206923"]
[BlackFideId "2108240"]
[WhiteElo "2321"]
[BlackElo "1967"]
[Result "1/2-1/2"]
[Round "3"]
[TimeControl "180+1"]
[Date "2023.11.07"]
[WhiteClock "0:00:19"]
[BlackClock "0:00:04"]
[Board "168"]

1. e4 e5 2. Nf3 Nc6 3. Bc4 Be7 4. O-O Nf6 5. Re1 O-O 6. c3 d6 7. d4 Bg4 8. d5 Nb8 9. Be2 Nbd7 10. Nfd2 Bxe2 11. Qxe2 h6 12. c4 Nh7 13. Nc3 f5 14. f3 f4 15. b4 b6 16. a4 Qe8 17. Nb3 Qh5 18. c5 bxc5 19. bxc5 Ng5 20. cxd6 cxd6 21. Nb5 Rfc8 22. Ba3 Qg6 23. Rac1 a6 24. Nc7 Rab8 25. Na5 Nb6 26. Nxa6 Rxc1 27. Rxc1 Ra8 28. Nc6 Bf8 29. Ncb8 Nxa4 30. Rc8 Qf7 31. h4 Nh7 32. Rc7 Qf6 33. Qe1 Qd8 34. Rb7 Nc5 35. Bxc5 dxc5 36. Nc6 Qc8 37. Rb8 Qxa6 38. Qb1 Rxb8 39. Qxb8 Qa1+ 40. Kh2 Qe1 41. Ne7+ Kf7 42. Nf5 g6 43. Qxe5 gxf5 44. Qxf5+ Nf6 45. Qxf4 Be7 46. e5 c4 47. d6 Bd8 48. exf6 Bxf6 49. d7 Qd1 50. Qxc4+ Ke7 51. Qg8 Qd6+ 52. g3 Qd2+ 53. Kh3 Qxd7+ 54. Qg4 Qd1 55. Qe4+ Kf7 56. Qh7+ Ke6 57. Kg4 Qd4+ 58. Kh5 Qe5+ 59. Kg4 Qd4+ 60. f4 Qd1+ 61. Kh3 Qf1+ 62. Kg4 Qd1+ 63. Kh3 Qf1+ 64. Kh2 Qf2+ 65. Kh3 Qf1+ 1/2-1/2


[Site "https://www.chess.com"]

[Event "Titled Tuesday Blitz November 07 Late 2023"]
[White "katharinareinecke"]
[Black "Romero Ruscalleda, Josep"]
[BlackFideId "2231859"]
[WhiteElo "1933"]
[BlackElo "2319"]
[Result "0-1"]
[Round "3"]
[TimeControl "180+1"]
[Date "2023.11.07"]
[WhiteClock "0:00:07"]
[BlackClock "0:01:23"]
[Board "169"]

1. d4 g6 2. c4 Bg7 3. Nf3 d6 4. g3 Nf6 5. Bg2 O-O 6. O-O Nc6 7. Nc3 Bf5 8. Nh4 Bd7 9. e4 e5 10. d5 Nd4 11. Nf3 Bg4 12. h3 Bxf3 13. Bxf3 Nxf3+ 14. Qxf3 Nd7 15. Qe2 f5 16. Kh2 f4 17. Bd2 a5 18. b3 Nc5 19. Rab1 Rf7 20. a3 Qg5 21. b4 axb4 22. axb4 Na6 23. Nb5 Raf8 24. g4 Qe7 25. Rfc1 c6 26. dxc6 bxc6 27. Nc3 Nc7 28. b5 cxb5 29. cxb5 Ne6 30. Nd5 Qh4 31. b6 Ng5 32. Qd3 Qxf2+ 33. Kh1 Nf3 34. Qxf3 Qxf3+ 35. Kh2 Qe2+ 36. Kh1 f3 37. b7 Qg2# 0-1


[Site "https://www.chess.com"]

[Event "Titled Tuesday Blitz November 07 Late 2023"]
[White "Burke, Paul"]
[Black "Szente Varga, Fruzsina"]
[WhiteFideId "2605767"]
[BlackFideId "712264"]
[WhiteElo "1879"]
[BlackElo "2314"]
[Result "0-1"]
[Round "3"]
[TimeControl "180+1"]
[Date "2023.11.07"]
[WhiteClock "0:00:01"]
[BlackClock "0:00:25"]
[Board "170"]

1. e4 c5 2. Nf3 Nc6 3. d4 cxd4 4. c3 Nf6 5. e5 Nd5 6. cxd4 d6 7. Be2 g6 8. O-O Bg7 9. exd6 Qxd6 10. Nc3 O-O 11. Nxd5 Qxd5 12. Be3 Rd8 13. Qd2 Bf5 14. Rfd1 Rac8 15. b3 a5 16. Bc4 Qd7 17. Rac1 Bg4 18. Be2 Bxf3 19. Bxf3 Nxd4 20. Bxd4 Bxd4 21. Qxa5 b6 22. Qd2 Qa7 23. Qe2 e5 24. g3 Qa3 25. Rxc8 Rxc8 26. Bd5 Rc3 27. Rxd4 exd4 28. Qe8+ Qf8 29. Qe5 Rc1+ 30. Kg2 d3 31. Qe3 Rc3 32. Qd2 Qc5 33. Bc4 Rc2 34. Qxd3 Qxf2+ 35. Kh3 Qxh2+ 36. Kg4 h5+ 37. Kf4 Qf2+ 38. Kg5 Qd2+ 39. Kf6 Qxd3 40. Bxd3 Rxa2 41. Bc4 Rf2+ 42. Kg5 Kg7 43. Kh4 f6 44. Kh3 Kh6 0-1


[Site "https://www.chess.com"]

[Event "Titled Tuesday Blitz November 07 Late 2023"]
[White "Bogaudinov, Rushan"]
[Black "Lutz, Igor Oscar"]
[WhiteFideId "4129288"]
[BlackFideId "2110806"]
[WhiteElo "2311"]
[BlackElo "1855"]
[Result "1-0"]
[Round "3"]
[TimeControl "180+1"]
[Date "2023.11.07"]
[WhiteClock "0:01:32"]
[BlackClock "0:00:36"]
[Board "171"]

1. d4 Nf6 2. e3 e6 3. Nf3 d5 4. Be2 c5 5. O-O Nc6 6. c4 cxd4 7. Nxd4 Nxd4 8. Qxd4 Be7 9. Nc3 O-O 10. Rd1 dxc4 11. Qxc4 Qb6 12. Na4 Qa5 13. Bd2 Qg5 14. e4 Qg6 15. e5 Nd5 16. Bf3 a6 17. Nc3 Nxc3 18. Bxc3 Rd8 19. Qc7 Re8 20. Qxe7 1-0


[Site "https://www.chess.com"]

[Event "Titled Tuesday Blitz November 07 Late 2023"]
[White "Rostovtsev, Dmitry"]
[Black "Carlsen, Magnus"]
[WhiteFideId "34278320"]
[BlackFideId "1503014"]
[WhiteElo "2934"]
[BlackElo "3269"]
[Result "0-1"]
[Round "4"]
[TimeControl "180+1"]
[Date "2023.11.07"]
[WhiteClock "0:00:43"]
[BlackClock "0:01:42"]
[Board "1"]

1. d4 Nf6 2. c4 g6 3. Nc3 Bg7 4. Nf3 O-O 5. e4 d6 6. Be2 e5 7. O-O exd4 8. Nxd4 Re8 9. f3 c6 10. Kh1 Na6 11. Bg5 Qb6 12. Nb3 Nc5 13. Be3 Nfd7 14. Qxd6 Nxe4 15. Qd3 Ng3+ 16. hxg3 Qxe3 17. Rae1 Qh6+ 18. Kg1 Ne5 19. Qd2 Be6 20. Qxh6 Bxh6 21. Nc5 Be3+ 0-1


[Site "https://www.chess.com"]

[Event "Titled Tuesday Blitz November 07 Late 2023"]
[White "Bortnyk, Mykola"]
[Black "Nihal Sarin"]
[WhiteFideId "14120836"]
[BlackFideId "25092340"]
[WhiteElo "2929"]
[BlackElo "3104"]
[Result "0-1"]
[Round "4"]
[TimeControl "180+1"]
[Date "2023.11.07"]
[WhiteClock "0:00:00"]
[BlackClock "0:01:04"]
[Board "2"]

1. e4 e6 2. d4 d5 3. Nc3 Bb4 4. exd5 exd5 5. Bd3 Nc6 6. Be3 Nf6 7. h3 Ne7 8. g4 h5 9. g5 Ne4 10. Bxe4 Bxc3+ 11. bxc3 dxe4 12. Ne2 h4 13. c4 O-O 14. Nc3 Bf5 15. Qh5 Ng6 16. Qe2 a6 17. a4 c6 18. a5 Qe7 19. Qd2 Rad8 20. Kd1 Ne5 21. Qe2 Qb4 22. Na4 Nxc4 23. Kc1 Nxe3 24. fxe3 Qxa5 25. Qe1 Qxe1+ 26. Rxe1 f6 27. gxf6 Rxf6 28. Nc5 b6 29. Nxa6 Bxh3 30. Kb2 Bg2 31. Re2 h3 32. Rg1 Bf1 0-1


[Site "https://www.chess.com"]

[Event "Titled Tuesday Blitz November 07 Late 2023"]
[White "Duda, Jan-Krzysztof"]
[Black "Melkumyan, Hrant"]
[WhiteFideId "1170546"]
[BlackFideId "13302485"]
[WhiteElo "3084"]
[BlackElo "2921"]
[Result "1-0"]
[Round "4"]
[TimeControl "180+1"]
[Date "2023.11.07"]
[WhiteClock "0:00:50"]
[BlackClock "0:00:01"]
[Board "3"]

1. e4 e5 2. Nf3 Nc6 3. Bb5 Nf6 4. d3 Bc5 5. Bxc6 dxc6 6. O-O Nd7 7. c3 O-O 8. d4 Bd6 9. Be3 b6 10. Nbd2 Ba6 11. Re1 Re8 12. Qa4 Bb7 13. Rad1 c5 14. dxe5 Nxe5 15. Nxe5 Bxe5 16. Nf3 Qf6 17. Nxe5 Qxe5 18. f3 Qe6 19. Bf4 Bc6 20. Qb3 Qxb3 21. axb3 Rac8 22. Kf2 a5 23. Rd2 f6 24. g4 Re7 25. Red1 Kf7 26. h4 h6 27. h5 Re6 28. Rd8 Re8 29. Rxc8 Rxc8 30. e5 fxe5 31. Bxe5 Be8 32. f4 Kf8 33. Kg3 Bc6 34. g5 hxg5 35. fxg5 Re8 36. Kf4 Re7 37. Rd8+ Be8 38. g6 Rd7 39. h6 Rxd8 40. h7 Bxg6 41. h8=Q+ Ke7 42. Qxg7+ Bf7 43. Bf6+ 1-0


[Site "https://www.chess.com"]

[Event "Titled Tuesday Blitz November 07 Late 2023"]
[White "Bauman_Guy"]
[Black "Le, Quang Liem"]
[BlackFideId "12401137"]
[WhiteElo "2915"]
[BlackElo "3079"]
[Result "0-1"]
[Round "4"]
[TimeControl "180+1"]
[Date "2023.11.07"]
[WhiteClock "0:00:10"]
[BlackClock "0:00:09"]
[Board "4"]

1. e4 c6 2. d4 d5 3. e5 Bf5 4. h4 h5 5. Bd3 Bxd3 6. Qxd3 Qa5+ 7. Nd2 e6 8. Nf3 Nh6 9. O-O Nf5 10. a4 Be7 11. Nb3 Qa6 12. Qd1 Nd7 13. g3 c5 14. c3 Rc8 15. Bg5 f6 16. Bf4 Kf7 17. Re1 Qb6 18. a5 Qb5 19. dxc5 Nxc5 20. Nbd4 Nxd4 21. Nxd4 Qxb2 22. Qf3 Ne4 23. Rab1 Qxc3 24. Qxc3 Rxc3 25. Rxb7 a6 26. Ra7 Re8 27. f3 Nc5 28. Re2 f5 29. Bd2 Rc4 30. Be3 Kg8 31. Rb2 Bf8 32. Rb6 Ra4 33. Nc6 Ra3 34. Kf1 Rxe3 35. Kf2 Ra3 36. Ke2 Rc8 37. Nd4 Rxa5 38. Nxe6 Nxe6 39. Rxe6 Ra2+ 40. Kd3 Ra3+ 41. Kd2 Bb4+ 42. Kd1 Rd3+ 43. Ke2 Rd2+ 44. Ke3 Rg2 45. Kf4 Rf8 46. Kg5 Rxg3+ 47. Kxh5 Kh7 48. Raxa6 Rxf3 49. Ra7 Rg3 50. Rh6+ Kg8 51. Rg6 Rxg6 52. Kxg6 Kh8 53. h5 f4 54. e6 Rf6+ 55. Kg5 Rxe6 56. Kxf4 Rf6+ 57. Kg5 d4 58. Rd7 Bd2+ 59. Kg4 Be3 60. Rd5 Kh7 61. Rd8 Rf4+ 62. Kg3 Kh6 63. Rd5 Rf7 64. Kg4 Rf4+ 65. Kg3 Re4 66. Kf3 Rh4 67. Rd6+ Kxh5 68. Kg3 Bf4+ 69. Kf3 Bxd6 0-1


[Site "https://www.chess.com"]

[Event "Titled Tuesday Blitz November 07 Late 2023"]
[White "Zhigalko, Sergei"]
[Black "Pranav, V"]
[WhiteFideId "13502956"]
[BlackFideId "25060783"]
[WhiteElo "2909"]
[BlackElo "3067"]
[Result "0-1"]
[Round "4"]
[TimeControl "180+1"]
[Date "2023.11.07"]
[WhiteClock "0:00:04"]
[BlackClock "0:00:03"]
[Board "5"]

1. e4 e5 2. Nf3 Nc6 3. Bc4 Nf6 4. d3 h6 5. O-O d6 6. c3 g6 7. Nbd2 Bg7 8. Re1 O-O 9. Nf1 Na5 10. Bb5 a6 11. Ba4 b5 12. Bc2 c5 13. Ng3 Nc6 14. Bb3 Be6 15. Be3 Re8 16. h3 Rc8 17. Qd2 Kh7 18. Bxe6 Rxe6 19. Rad1 Qf8 20. b4 cxb4 21. cxb4 d5 22. Bc5 Qd8 23. a3 d4 24. Rc1 Nd7 25. Rc2 Na5 26. Rb1 Nxc5 27. Rxc5 Rxc5 28. bxc5 Rc6 29. a4 Rxc5 30. Qa2 Kg8 31. axb5 Rxb5 32. Rc1 Bf8 33. Rc2 Kg7 34. Kh2 Qd7 35. Qa4 Qb7 36. Ra2 Nb3 37. Qxa6 Qxa6 38. Rxa6 Nc5 39. Ra7 Nxd3 40. Rd7 Nxf2 41. h4 Ng4+ 42. Kh3 Nf6 43. Rd8 Be7 44. Ra8 Bd6 45. Ra6 Bb8 46. Rc6 Rb3 47. Rc8 d3 48. Rd8 Bc7 49. Rc8 Ba5 50. Rc5 d2 51. Nxd2 Bxd2 52. Rb5 Rxb5 53. Nf5+ gxf5 54. h5 Rb3+ 55. Kh4 Bg5# 0-1


[Site "https://www.chess.com"]

[Event "Titled Tuesday Blitz November 07 Late 2023"]
[White "Firouzja, Alireza"]
[Black "Bachmann, Axel"]
[WhiteFideId "12573981"]
[BlackFideId "3700488"]
[WhiteElo "3065"]
[BlackElo "2882"]
[Result "1-0"]
[Round "4"]
[TimeControl "180+1"]
[Date "2023.11.07"]
[WhiteClock "0:01:06"]
[BlackClock "0:00:26"]
[Board "6"]

1. e4 Nf6 2. e5 Nd5 3. d4 d6 4. Nf3 Bf5 5. exd6 exd6 6. c4 Nb6 7. Nc3 Be7 8. Bd3 Bxd3 9. Qxd3 O-O 10. O-O Nc6 11. Re1 Bf6 12. b3 Re8 13. Bf4 Qd7 14. h3 Rxe1+ 15. Rxe1 Re8 16. Rxe8+ Qxe8 17. Nb5 a6 18. Nxc7 Qd7 19. Qe3 Ne7 20. c5 Nbd5 21. Nxd5 Nxd5 22. Qe4 dxc5 23. dxc5 Nc3 24. Qc2 Qb5 25. Be3 h6 26. g3 Nd5 27. Bd4 Qb4 28. Bxf6 Nxf6 29. c6 bxc6 30. Qxc6 a5 31. Kg2 Qa3 32. Qc8+ Kh7 33. Qc2+ Kg8 34. Ne5 Qe7 35. Qc8+ Kh7 36. Qf5+ Kg8 37. Nc6 Qb7 38. Qc8+ Qxc8 39. Ne7+ Kf8 40. Nxc8 Nd5 41. Nd6 Nc3 42. a4 1-0


[Site "https://www.chess.com"]

[Event "Titled Tuesday Blitz November 07 Late 2023"]
[White "mind1mover"]
[Black "Paravyan, David"]
[BlackFideId "4194985"]
[WhiteElo "2839"]
[BlackElo "3049"]
[Result "1/2-1/2"]
[Round "4"]
[TimeControl "180+1"]
[Date "2023.11.07"]
[WhiteClock "0:00:05"]
[BlackClock "0:01:33"]
[Board "7"]

1. Nf3 d5 2. b3 Bf5 3. Bb2 e6 4. c4 Nf6 5. g3 h6 6. Bg2 c6 7. O-O Nbd7 8. d3 Be7 9. Nbd2 O-O 10. a3 a5 11. Ra2 Bh7 12. Qa1 Qb6 13. Ne5 Nxe5 14. Bxe5 Rfd8 15. Rc1 Bc5 16. d4 Be7 17. c5 Qa6 18. e3 b5 19. a4 b4 20. Bf1 Bd3 21. Bxf6 Bxf6 22. f4 Be7 23. Qb2 f6 24. Nf3 Bxf1 25. Rxf1 Qd3 26. Re1 g5 27. Qc2 Qxc2 28. Rxc2 g4 29. Nd2 f5 30. Nf1 Kf7 31. h4 gxh3 32. Rh2 h5 33. Rxh3 h4 34. Re2 hxg3 35. Rg2 Rh8 36. Rgxg3 Bf6 37. Nd2 Rag8 38. Kg2 Rxh3 39. Kxh3 Rxg3+ 40. Kxg3 Kg6 41. Nf3 Kh5 42. Kh3 Kg6 43. Kg3 Kh5 44. Kh3 Kg6 45. Kg3 1/2-1/2


[Site "https://www.chess.com"]